 Dungeon Crawl Stone Soup version 0.20-a0-1018-ge435b50 (webtiles) character file.

50676 roguesci the Nimble (level 14, 0/111 HPs)
             Began as a Purple Draconian Warper on Apr 16, 2017.
             Was a High Priest of Okawaru.
             Killed by divine providence
             ... invoked by an orc priest
              (14 damage)
             ... on level 14 of the Dungeon on Apr 17, 2017.
             The game lasted 03:46:26 (42050 turns).

roguesci the Nimble (Purple Draconian Warper)      Turns: 42050, Time: 03:46:26

Health: 0/111      AC: 15    Str: 15    XL:     14   Next: 20%
Magic:  0/25       EV: 20    Int: 20    God:    Okawaru [*****.]
Gold:   933        SH:  6    Dex: 17    Spells: 16/33 levels left

rFire    . . .     SeeInvis .     - Unarmed
rCold    . . .     Gourm    .   K - +2 buckler
rNeg     . . .     Faith    .   (armour unavailable)
rPois    +         Spirit   +   z - +2 hat {Int+3}
rElec    .         Reflect  .   (no cloak)
rCorr    .         Harm     .   b - +0 pair of gloves of Thoughtfulness {Int+3}
MR       ++...     Clarity  +   r - +1 pair of boots
Stlth    +++++.....             G - amulet of guardian spirit
Regen    0.3/turn               n - +2 ring of protection
MPRegen  0.2/turn               J - +5 ring of dexterity

@: no status effects
A: breathe power, unfitting armour, big wings, clarity, clumsy 1, frail 1, low
mp 1, poison resistance, cold-blooded, subdued magic 1, MP-powered wands, AC +8
a: Breathe Dispelling Energy, Fly, Heroism, Finesse, Renounce Religion


You were on level 14 of the Dungeon.
You worshipped Okawaru.
Okawaru was extremely pleased with you.
You were near starving.

You visited 4 branches of the dungeon, and saw 18 of its levels.

You collected 1620 gold pieces.
You spent 687 gold pieces at shops.

Inventory:

Hand Weapons
 h - a +2 spear of venom
 t - the +0 falchion of Wounding {holy, MR+ Int+2}
   (You found it on level 4 of the Dungeon)

   It has been blessed by the Shining One to cause great damage to the undead
   and demons.
   It affects your intelligence (+2).
   It affects your resistance to hostile enchantments.
 E - a +3 shortbow
Missiles
 c - a tomahawk of dispersal
 j - a throwing net
 H - 283 arrows
 I - 16 tomahawks (quivered)
Armour
 b - the +0 pair of gloves of Thoughtfulness (worn) {Int+3}
   (Okawaru gifted it to you on level 2 of the Orcish Mines)

   It affects your intelligence (+3).
 i - the +1 robe of the Crypt {Str+3 Dex+2}
   (You found it on level 8 of the Dungeon)

   It affects your strength (+3).
   It affects your dexterity (+2).
 r - a +1 pair of boots (worn)
 z - a +2 hat of intelligence (worn)
 K - a +2 buckler (worn)
Jewellery
 e - an uncursed ring of protection from cold
 l - an uncursed ring of positive energy
 n - a +2 ring of protection (left hand)
 D - an uncursed ring of wizardry
 G - an amulet of guardian spirit (around neck)
 J - a +5 ring of dexterity (right hand)
Wands
 o - a wand of polymorph (17/24)
 u - a wand of polymorph (13/24)
 w - a wand of confusion (16/48)
 B - a wand of disintegration (18/24)
Scrolls
 f - a scroll of recharging
 k - 7 scrolls of identify
 m - 8 scrolls of remove curse
 q - a scroll of fear
 s - a scroll of fog
 v - 7 scrolls of enchant weapon
 y - a scroll of noise
 F - a scroll of amnesia
Potions
 g - 2 potions of cancellation
 p - 2 potions of flight
Books
 a - a book of Spatial Translocations

   Spells                             Type                      Level
   a - Blink                          Translocation                2
   b - Shroud of Golubria             Charms/Translocation         2
   c - Lesser Beckoning               Translocation                3
   d - Gell's Gravitas                Translocation                3
   e - Teleport Other                 Translocation                3
   f - Passage of Golubria            Translocation                4
 x - a book of Minor Magic

   Spells                             Type                      Level
   a - Magic Dart                     Conjuration                  1
   b - Blink                          Translocation                2
   c - Call Imp                       Summoning                    2
   d - Slow                           Hexes                        2
   e - Conjure Flame                  Conjuration/Fire             3
   f - Mephitic Cloud                 Conjuration/Poison/Air       3
 C - a book of Power

   Spells                             Type                      Level
   a - Iskenderun's Battlesphere      Conjuration/Charms           5
   b - Venom Bolt                     Conjuration/Poison           5
   c - Bolt of Magma                  Conjuration/Fire/Earth       5
   d - Iron Shot                      Conjuration/Earth            6
   e - Orb of Destruction             Conjuration                  7
   f - Spellforged Servitor           Conjuration/Summoning        7
 L - a book of Ice

   Spells                             Type                      Level
   a - Ice Form                       Ice/Transmutation            4
   b - Metabolic Englaciation         Hexes/Ice                    5
   c - Ozocubu's Refrigeration        Ice                          6
   d - Bolt of Cold                   Conjuration/Ice              6
   e - Freezing Cloud                 Conjuration/Ice/Air          6
   f - Simulacrum                     Ice/Necromancy               6
Comestibles
 d - a meat ration


   Skills:
 + Level 11.2 Fighting
 - Level 0.8 Throwing
 + Level 11.3 Dodging
 + Level 10.1 Stealth
 * Level 1.0 Shields
 + Level 10.8 Unarmed Combat
 - Level 10.0 Spellcasting
 * Level 4.8 Conjurations
 - Level 9.4 Translocations


You had 16 spell levels left.
You knew the following spells:

 Your Spells              Type           Power        Failure   Level  Hunger
a - Shroud of Golubria    Chrm/Tloc      ###.......   1%          2    None
b - Blink                 Tloc           N/A          1%          2    None
c - Teleport Other        Tloc           #####...     1%          3    None
d - Lesser Beckoning      Tloc           #####.....   1%          3    None
e - Orb of Destruction    Conj           ###.......   100%        7    #######


Dungeon Overview and Level Annotations

Branches:
Dungeon (14/15)            Temple (1/1) D:5            Lair (1/6) D:9
    Orc (2/2) D:9             Elf (0/3) Orc:2        Vaults (0/5) D:13

Altars:
Ashenzari
Cheibriados
Dithmenos
Elyvilon
Fedhas
Gozag
Hepliaklqana
Kikubaaqudgha
Makhleb
Nemelex Xobeh
Okawaru
Qazlal
Ru
Sif Muna
Trog
Uskayaw
Vehumet
Wu Jian
Xom
Yredelemnul
Zin
The Shining One
Beogh

Shops:
D:14 [   Orc:2 *[=(*

Annotations:
D:6 Duvessa
Lair:1 Gastronok; kraktruk's ghost, journeyman TrCK
Orc:1 Erica; Urug
Orc:2 Nessos


Innate Abilities, Weirdness & Mutations

You can breathe bolts of dispelling energy.
Your rich purple scales are hard. (AC +8)
You cannot fit into any form of body armour.
You are cold-blooded and may be slowed by cold attacks.
Your large and strong wings let you fly indefinitely.
You possess an exceptional clarity of mind.
You are clumsy. (Dex -2)
You are frail. (-10% HP)
Your magical capacity is low. (-10% MP)
Your system is resistant to poisons. (rPois)
Your spells are a little easier to cast, but a little less powerful.
You expend magic power (3 MP) to strengthen your wands.


Message History

The orc priest is severely wounded.
The orc priest invokes the aid of Beogh against you.
Beogh smites you!
* * * LOW HITPOINT WARNING * * *
You punch the orc priest!
You kill the orc priest!
Okawaru accepts your kill. The orc priest misses you.
Items here: ) [[ † a leather armour; a halberd; a chain mail; an orc corpse You closely miss the orc priest.
The orc priest looks encouraged for a moment.
You hit the orc priest.
Your tail-slap misses the orc priest.
The orc priest is lightly wounded.
The orc priest barely misses you.
You hit the orc priest.
The orc priest is moderately wounded.
The orc priest mumbles some strange prayers to Beogh against you.
Beogh smites you!
You die...

#(#.#...### #.# #........
(♣#.#.....# ##+#####........
(.#'#.#.#.########...............
#.....#.#........#...............
#.....#.########.#...............
.....##.# #.#...............
#####.... #.#............... #
.... #.#.....<......... >....
#@#...)........).. ##.##
#o#........####### .#
#.#........# #[#........######
#))≈≈≈≈≈≈≈≈.....#
#.≈#######≈####.#
#.≈#..oo.#≈.....#
#..'.o.o)#≈###### #..'...(.#≈#


You could see an orc priest.

Vanquished Creatures
  Saint Roka (Orc:1)
  Josephine (Orc:1)
  A yaktaur captain (D:13)
  A fire dragon (D:13)
  A hydra (D:13)
  A centaur warrior (D:14)
  5 two-headed ogres
  An orc high priest (Orc:1)
  A wizard (D:13)
  2 orc knights (Orc:2)
  Pikel (D:7)
  6 deep elf magi
  2 orc sorcerers (Orc:2)
  A cyclops (D:14)
  2 manticores
  6 ugly things (D:14)
  2 centaur zombies
  Joseph (D:7)
  3 spiny frogs
  2 gargoyles
  A komodo dragon (shapeshifter) (D:13)
  6 komodo dragons
  3 hornets
  A troll (Orc:1)
  4 slime creatures (D:12)
  7 hippogriffs
  A spriggan (D:12)
  A wyvern (D:11)
  48 yaks
  A vampire (D:13)
  4 wraiths
  A fire bat (shapeshifter) (D:13)
  Grum (D:7)
  A hungry ghost (D:7)
  4 wargs
  A swamp drake (Orc:2)
  3 water moccasins
  2 porcupines (Lair:1)
  A slave (D:7)
  A hornet zombie (D:11)
  4 phantoms
  An eye of draining (D:12)
  3 ice beasts
  4 black bears
  33 orc warriors
  A sky beast (D:10)
  4 necrophages
  13 ogres
  8 wolves
  10 centaurs
  5 crocodiles (Lair:1)
  A crocodile (shapeshifter) (D:13)
  2 big kobolds
  Blork the orc (Orc:2)
  20 bullfrogs
  A gnoll sergeant (D:6)
  A water moccasin zombie (D:5)
  5 scorpions
  Dowan (D:6)
  3 killer bees
  15 wights
  3 electric eels
  4 howler monkeys
  8 crimson imps
  3 bullfrog zombies
  29 orc wizards
  3 bullfrog skeletons
  2 jellies
  28 orc priests
  4 centaur skeletons
  13 hounds
  An iron imp (Orc:2)
  7 iguanas
  10 worker ants
  A killer bee zombie (D:8)
  A hound skeleton (D:7)
  Robin (D:3)
  2 worker ant zombies
  20 adders
  12 gnolls
  A howler monkey skeleton (D:5)
  A shadow imp (Orc:2)
  A white imp (Orc:2)
  2 oozes
  An adder zombie (D:7)
  4 adder skeletons
  A worm (D:3)
  2 dart slugs (D:1)
  8 leopard geckos
  86 orcs
  4 giant cockroaches
  32 goblins
  17 hobgoblins
  7 jackals
  8 quokkas
  4 ball pythons
  4 bats
  6 frilled lizards
  A jackal skeleton (D:6)
  A jackal zombie (D:6)
  13 kobolds
  A quokka skeleton (D:6)
  A quokka zombie (D:5)
  11 rats
638 creatures vanquished.

Vanquished Creatures (others)
  A sky beast (D:14)
  A slave (D:7)
  A hound (D:7)
  A worker ant (D:7)
  2 adders (D:7)
  A leopard gecko (D:7)
  An orc (D:10)
  A bush (Lair:1)
  6 fungi
  8 plants
23 creatures vanquished.

Grand Total: 661 creatures vanquished

Notes
Turn   | Place    | Note
-------+----------+-------------------------------------------
     0 | D:1      | roguesci the Draconian Warper began the quest for the Orb.
     0 | D:1      | Reached XP level 1. HP: 17/17 MP: 3/3
   186 | D:1      | Reached XP level 2. HP: 18/25 MP: 5/5
   337 | D:1      | Learned a level 2 spell: Shroud of Golubria
   340 | D:1      | Learned a level 2 spell: Blink
   849 | D:1      | Reached XP level 3. HP: 30/30 MP: 3/6
  1351 | D:2      | Reached skill level 1 in Stealth
  1495 | D:2      | Found a faded altar of an unknown god.
  2001 | D:2      | Reached XP level 4. HP: 37/37 MP: 4/7
  2080 | D:1      | Learned a level 3 spell: Teleport Other
  3035 | D:3      | Reached XP level 5. HP: 44/44 MP: 5/8
  3224 | D:3      | Noticed Robin
  3261 | D:3      | Killed Robin
  3490 | D:3      | Noticed an ogre
  3528 | D:3      | Killed an ogre
  3528 | D:3      | Reached XP level 6. HP: 31/51 MP: 5/9
  3967 | D:3      | Found a deep blue altar of Sif Muna.
  4562 | D:4      | Found an iron altar of Okawaru.
  4569 | D:4      | Got a polished falchion
  4853 | D:4      | Identified the +0 falchion of Wounding {holy, MR+ Int+2} (You found it on level 4 of the Dungeon)
  4929 | D:4      | Found a glowing silver altar of Zin.
  4932 | D:4      | Found a hazy altar of Hepliaklqana.
  4946 | D:4      | Found a shattered altar of Ashenzari.
  4951 | D:4      | Found a sparkling altar of Nemelex Xobeh.
  5215 | D:4      | Found a basalt altar of Yredelemnul.
  5224 | D:4      | Found an iron altar of Okawaru.
  5523 | D:4      | Gained mutation: You are clumsy. (Dex -2) [potion of mutation]
  5523 | D:4      | Gained mutation: Your system is resistant to poisons. (rPois) [potion of mutation]
  5820 | D:4      | Your scales start taking on a rich purple colour.
  5820 | D:4      | Reached XP level 7. HP: 44/57 MP: 10/12
  6071 | D:4      | Became a worshipper of Warmaster Okawaru
  6959 | D:5      | Entered Level 5 of the Dungeon
  7008 | D:5      | Found a staircase to the Ecumenical Temple.
  7014 | Temple   | Entered the Ecumenical Temple
  7902 | D:6      | Reached * piety under Okawaru
  7902 | D:6      | Reached XP level 8. HP: 40/66 MP: 11/14
  8744 | D:6      | Noticed Duvessa
  8748 | D:6      | Noticed Dowan
  8765 | D:6      | Killed Dowan
  8765 | D:6      | Reached skill level 5 in Spellcasting
  9328 | D:6      | Reached skill level 5 in Stealth
  9650 | D:7      | Reached skill level 5 in Dodging
 10055 | D:7      | Noticed Pikel
 10116 | D:7      | Killed Pikel
 10116 | D:7      | Reached ** piety under Okawaru
 10116 | D:7      | Reached skill level 5 in Translocations
 10116 | D:7      | Reached XP level 9. HP: 44/72 MP: 14/17
 10297 | D:7      | Noticed Joseph
 10327 | D:7      | Killed Joseph
 10327 | D:7      | Reached skill level 5 in Unarmed Combat
 10532 | D:7      | Reached skill level 5 in Fighting
 11516 | D:8      | Noticed a two-headed ogre
 12397 | D:8      | Noticed Grum
 12599 | D:7      | Reached XP level 10. HP: 59/83 MP: 15/19
 12626 | D:7      | Killed Grum
 13082 | D:8      | Killed a two-headed ogre
 13082 | D:8      | Reached *** piety under Okawaru
 13175 | D:8      | Got a twisted robe
 13177 | D:8      | Identified the +1 robe of the Crypt {Str+3 Dex+2} (You found it on level 8 of the Dungeon)
 14218 | D:9      | Found a staircase to the Orcish Mines.
 15507 | D:9      | Found a staircase to the Lair.
 17094 | D:10     | Entered Level 10 of the Dungeon
 17343 | D:10     | Reached **** piety under Okawaru
 17410 | D:10     | Noticed a two-headed ogre
 17422 | D:10     | Killed a two-headed ogre
 17422 | D:10     | Reached XP level 11. HP: 48/94 MP: 17/21
 18796 | D:10     | Noticed a two-headed ogre
 20106 | D:10     | Noticed a two-headed ogre
 20974 | D:10     | Killed a two-headed ogre
 21429 | D:10     | Killed a two-headed ogre
 21667 | Lair:1   | Entered Level 1 of the Lair of Beasts
 21692 | Lair:1   | Noticed Gastronok
 22723 | Lair:1   | Noticed an eight-headed hydra
 23054 | D:9      | Upgraded the game from 0.20-a0-1017-gc3250ce to 0.20-a0-1018-ge435b50
 23321 | D:11     | Reached ***** piety under Okawaru
 24072 | D:11     | Reached XP level 12. HP: 41/104 MP: 16/24
 25188 | D:11     | Received a gift from Okawaru
 29194 | Lair:1   | Reached skill level 10 in Fighting
 29642 | Lair:1   | Noticed kraktruk's ghost (journeyman TrCK)
 30433 | D:9      | Noticed a two-headed ogre
 30443 | D:9      | Killed a two-headed ogre
 30557 | Orc:1    | Entered Level 1 of the Orcish Mines
 30805 | D:9      | Reached skill level 10 in Dodging
 30906 | Orc:1    | Noticed Josephine
 30922 | Orc:1    | Killed Josephine
 31416 | Orc:2    | Entered Level 2 of the Orcish Mines
 31436 | Orc:1    | Reached XP level 13. HP: 113/113 MP: 24/26
 31586 | Orc:2    | Found Hinnaema's General Store.
 32006 | Orc:2    | Found a staircase to the Elven Halls.
 32156 | Orc:2    | Noticed Nessos
 32229 | Orc:2    | Noticed Blork the orc
 32420 | Orc:2    | Killed Blork the orc
 34356 | Orc:2    | Found a roughly hewn altar of Beogh.
 34775 | Orc:2    | Reached skill level 10 in Spellcasting
 34796 | Orc:2    | Noticed Saint Roka
 35117 | Orc:1    | Noticed an orc warlord
 35903 | Orc:1    | Learned a level 3 spell: Lesser Beckoning
 36325 | Orc:1    | Killed Saint Roka
 36571 | Orc:2    | Found Toriff's Antique Armour Shop.
 36629 | Orc:2    | Found Idghi's Antique Weapon Shop.
 36831 | Orc:2    | Received a gift from Okawaru
 36834 | Orc:2    | Got a pair of warped gloves {god gift}
 36988 | Orc:2    | Identified the +0 pair of gloves of Thoughtfulness {Int+3} (Okawaru gifted it to you on level 2 of the Orcish Mines)
 37148 | Orc:2    | Found Ilangaar's General Store.
 37165 | Orc:2    | Found Cerpheej's Jewellery Shop.
 37172 | Orc:2    | Bought an uncursed amulet of guardian spirit for 390 gold pieces
 37368 | Orc:1    | Noticed Urug
 37498 | Orc:1    | Noticed Erica
 38494 | D:9      | Reached skill level 10 in Unarmed Combat
 38506 | D:9      | Learned a level 7 spell: Orb of Destruction
 39082 | D:13     | Reached skill level 1 in Conjurations
 39187 | D:13     | Gained mutation: You expend magic power (3 MP) to strengthen your wands. [mutagenic meat]
 39266 | D:13     | Found a gate to the Vaults.
 39835 | D:13     | Noticed a fire dragon
 39841 | D:13     | Found a runed door.
 39863 | D:13     | Killed a fire dragon
 41142 | D:14     | Reached skill level 10 in Stealth
 41142 | D:14     | Reached XP level 14. HP: 87/124 MP: 19/28
 41283 | D:14     | Found Pyisogil's Armour Shop.
 41363 | D:14     | Received a gift from Okawaru
 41383 | D:14     | Gained mutation: You are frail. (-10% HP) [mutagenic meat]
 41384 | D:14     | Gained mutation: Your spells are a little easier to cast, but a little less powerful. [mutagenic meat]
 41386 | D:14     | Gained mutation: Scrolls take you a little longer to read. [mutagenic meat]
 41387 | D:14     | Gained mutation: Your magical capacity is low. (-10% MP) [mutagenic meat]
 41388 | D:14     | Gained mutation: You possess an exceptional clarity of mind. [mutagenic meat]
 41389 | D:14     | Lost mutation: Scrolls take you a little longer to read. [mutagenic meat]
 41390 | D:14     | Gained mutation: Your large and strong wings let you fly indefinitely. [mutagenic meat]
 41738 | D:14     | Bought a +2 buckler for 297 gold pieces
 42042 | D:14     | Reached skill level 1 in Shields
 42050 | D:14     | Killed from afar by an orc priest

Vault maps used:
D:1:      dpeg_arrival_refuge
D:2:      chequers_ecumenical_altar_island
D:3:      tgw_sif, first_bread, minmay_ogre_servants, uniq_robin
D:4:      corexii_shack_village, grunt_temple_overflow_cloverleaf,
          amethyst_overflow_temple_binary, okawaru_ov_weapons_minmay
D:5:      minmay_temple_entry_fiery
D:6:      uniq_duvessa
D:7:      uniq_pikel, uniq_joseph
D:8:      uniq_grum
D:9:      erik_lair_orcish_takeover, erik_orc_2
D:10:     erik_rubicon_b, pond
D:11:     enter_bailey_2
D:12:     the_bakery
D:13:     david_vaults_2, minmay_hidden_floor
D:14:     serial_shops, nicolae_shop_trees, minmay_orc_keep
Temple:   eino_wide_crystal_templ
Lair:1:   uniq_gastronok
Orc:1:    uniq_josephine, uniq_urug, uniq_erica
Orc:2:    grunt_orc_cross, serial_shops, nicolae_shop_stone,
          hangedman_minor_magic, uniq_nessos

Skill      XL: |  1  2  3  4  5  6  7  8  9 10 11 12 13 14 |
---------------+-------------------------------------------+-----
Stealth        | 1 2 3 4 5 6 7 8 9 10 | 10.1
Dodging        | 3 4 5 6 7 8 10 11 | 11.3
Fighting       | 3 4 6 7 9 10 11 | 11.2
Unarmed Combat | 3 4 5 6 7 8 10 | 10.8
Spellcasting   | 3 4 5 6 7 8 9 10 | 10.0
Translocations | 4 5 6 7 9 |  9.4
Conjurations   | 3 4 |  4.8
Shields        | 1 |  1.0
Throwing       | |  0.8

Action                   |  1- 3 |  4- 6 |  7- 9 | 10-12 | 13-15 || total
-------------------------+-------+-------+-------+-------+-------++-------
Melee: Unarmed           |   200 |    41 |       |   777 |  1047 ||  2065
       Tailslap          |    18 |    31 |    77 |   264 |   188 ||   578
       Spear             |       |   155 |   199 |   855 |       ||  1209
       Falchion          |       |    52 |   454 |   141 |       ||   647
       Punch             |       |     2 |    17 |    79 |    62 ||   160
 Fire: Shortbow          |       |       |       |     9 |       ||     9
Throw: Tomahawk          |       |     2 |     2 |     4 |     1 ||     9
       Throwing net      |       |       |     1 |       |       ||     1
 Cast: Shroud of Golubri |    20 |    26 |    62 |   164 |   113 ||   385
       Blink             |       |     6 |    10 |    30 |    20 ||    66
       Teleport Other    |       |     9 |    11 |    73 |    32 ||   125
Invok: Heroism           |       |       |    11 |    43 |    24 ||    78
 Abil: Breathe Dispellin |       |       |    11 |    53 |    32 ||    96
Evoke: Wand              |       |       |       |     1 |     1 ||     2
  Use: Potion            |       |     6 |     4 |    10 |     6 ||    26
       Scroll            |       |     1 |     3 |    20 |     2 ||    26
 Stab: Sleeping          |     1 |     6 |     6 |    10 |    15 ||    38
       Distracted        |     1 |       |     1 |     1 |     3 ||     6
       Held in net/web   |       |       |     1 |       |       ||     1
  Eat: Chunk             |     5 |     9 |     8 |    25 |    24 ||    71
       Royal jelly       |       |     3 |       |     2 |       ||     5
       Bread ration      |       |     1 |     2 |     3 |     2 ||     8
       Meat ration       |       |       |     2 |     7 |     2 ||    11
       Fruit             |       |       |       |       |     2 ||     2
Armor: Skin              |    49 |    59 |   234 |   438 |   195 ||   975
Dodge: Dodged            |   104 |   158 |   564 |  1485 |   708 ||  3019
Block: Buckler           |       |       |       |       |    11 ||    11
       Rpst.: Falchion   |       |    10 |   121 |    40 |       ||   171
